 Dungeon Crawl Stone Soup version 0.27.0-1-g7a089689b8 (webtiles) character file.

Game seed: 16527418478528921049

1736 fiver49 the Slicer (level 8, -6/55 HPs)
             Began as a Vampire Hunter on Aug 3, 2021.
             Was an Initiate of Makhleb.
             Mangled by a vampire (11 damage)
             ... on level 6 of the Dungeon.
             The game lasted 00:20:09 (6008 turns).

fiver49 the Slicer (Vampire Hunter)                 Turns: 6008, Time: 00:20:10

Health: -6/55      AC:  7    Str: 13    XL:     8   Next: 76%
Magic:  8/8        EV:  8    Int: 13    God:    Makhleb [......]
Gold:   169        SH:  7    Dex: 15    Spells: 7/7 levels left

rFire    . . .     SeeInvis +   i - +0 short sword (speed)
rCold    . . .     Faith    .   p - +0 kite shield
rNeg     . . .     Spirit   .   g - +0 ring mail
rPois    .         Reflect  .   u - +2 hat
rElec    .         Harm     .   w - scarf {+Inv}
rCorr    .         Rampage  .   (no gloves)
Will     .....                  (no boots)
Stlth    +.........             B - amulet of magic regeneration
HPRegen  0.38/turn              v - ring of flight
MPRegen  0.36/turn              (no ring)

@: flying, healing quickly
A: alive, fangs 3, see invisible, vampiric 2
a: Exsanguinate, Renounce Religion, Evoke Invisibility


You were on level 6 of the Dungeon.
You worshipped Makhleb.
Makhleb was noncommittal.
You visited 2 branches of the dungeon, and saw 7 of its levels.

You collected 169 gold pieces.

Inventory:

Hand Weapons
 i - a +0 short sword of speed (weapon)
 n - a +3 vampiric dagger
 r - a +2 dagger of venom
 H - a +0 short sword of freezing
Missiles
 c - 6 javelins
 d - 2 throwing nets
 l - 13 poisoned darts (quivered)
 m - 4 silver javelins
Armour
 g - a +0 ring mail (worn)
 p - a +0 kite shield (worn)
 u - a +2 hat (worn)
 w - a scarf of invisibility (worn)
Jewellery
 v - a ring of flight (left hand)
 B - an amulet of magic regeneration (around neck)
Wands
 D - a wand of flame (17)
 F - a wand of charming (6)
Scrolls
 e - 7 scrolls of identify {unknown}
 f - 3 scrolls of fog {unknown}
 h - 3 scrolls of fear {unknown}
 j - 2 scrolls of enchant armour {unknown}
 q - 6 scrolls of teleportation {unknown}
 s - a scroll of magic mapping {unknown}
 x - a scroll of blinking {unknown}
 C - a scroll of enchant weapon {unknown}
 G - a scroll of acquirement {unknown}
Potions
 b - a potion of might {unknown}
 k - a potion of lignification {unknown}
 t - 4 potions of curing
 z - a potion of attraction {unknown}
 A - 4 potions of heal wounds {unknown}
 E - 2 potions of ambrosia {unknown}


   Skills:
 - Level 1.7 Fighting
 + Level 11.9 Short Blades
 - Level 3.2 Throwing
 - Level 2.1 Dodging
 - Level 2.0 Stealth


You had 7 spell levels left.
You didn't know any spells.
Your spell library contained the following spells:

 Spells                   Type           Power      Damage    Failure   Level
 Sandblast                Erth           0%         2d4       99%         1
 Passwall                 Tmut/Erth      0%         N/A       100%        2
 Gell's Gravitas          Tloc           0%         N/A       100%        3
 Lesser Beckoning         Tloc           0%         N/A       100%        3
 Summon Guardian Golem    Hex/Summ       0%         N/A       100%        3
 Teleport Other           Tloc           0%         N/A       100%        3
 Lee's Rapid Deconstruct  Erth           0%         3d5*      100%        5
 Orb of Destruction       Conj           0%         N/A       100%        7
 Spellforged Servitor     Conj/Summ      0%         N/A       100%        7


Dungeon Overview and Level Annotations

Branches:
Dungeon (6/15)             Temple (1/1) D:5

Altars:
Ashenzari
Cheibriados
Dithmenos
Elyvilon
Fedhas
Gozag
Hepliaklqana
Kikubaaqudgha
Makhleb
Nemelex Xobeh
Okawaru
Qazlal
Sif Muna
Trog
Uskayaw
Vehumet
Wu Jian
Xom
Yredelemnul

Annotations:
D:4 Duvessa
D:5 1 runed translucent door, exclusion: door, Crazy Yiuf


Innate Abilities, Weirdness & Mutations

Your natural rate of healing is accelerated.
You have razor-sharp teeth.
You have supernaturally acute eyesight. (SInv)
You are afflicted with vampirism and can become a bat while bloodless.


Message History

You block the vampire's attack.
You closely miss the vampire. You bite the vampire, but do no damage.
You hit the vampire but do no damage. You block the vampire's attack.
The vampire bites you but does no damage.
You hit the vampire but do no damage. The vampire hits you!
The vampire bites you.
The vampire draws strength from your injuries!
You closely miss the vampire. You bite the vampire, but do no damage.
You hit the vampire but do no damage. The vampire barely misses you.
You block the vampire's attack.
You closely miss the vampire. You block the vampire's attack.
The vampire barely misses you.
You hit the vampire but do no damage. You closely miss the vampire.
The vampire hits you but does no damage.
The vampire bites you!
The vampire draws strength from your injuries!
You barely miss the vampire. The vampire barely misses you.
The vampire bites you!
The vampire draws strength from your injuries!
Okay, then.
Press: ? - help, v - describe, . - travel
Here: a vampire (slightly transparent)
The floor.
Unknown command.
You hit the vampire but do no damage. The vampire casts a spell at you.
You are confused.
The vampire hits you.
The vampire bites you but does no damage.
The vampire hits you but does no damage.
The vampire bites you.
The vampire draws strength from your injuries!
The vampire barely misses you. The vampire bites you!
The vampire draws strength from your injuries!
You feel less confused. The vampire hits you!
* * * LOW HITPOINT WARNING * * *
The vampire bites you!
You die...

....$..|.......###
............>....#
............[....#
.................#
.................#
.................#
..................##
................V.#
................@.#
...................<.#
.........)...........#
.................###.#
................## ##
................#
###.............#
########.........# .#
##.....^...


You could see a vampire (invisible).

Vanquished Creatures
  Pikel (D:4)
  Eustachio (D:4)
  Edmund (D:4)
  A sky beast (D:5)
  A necrophage (D:6)
  An ogre (D:5)
  A scorpion (D:3)
  A water moccasin zombie (D:5)
  Dowan (D:4)
  A wight (D:5)
  A bullfrog zombie (D:5)
  3 hounds
  A jelly (D:5)
  An orc priest (D:3)
  3 iguanas
  Jessica (D:2)
  Natasha (D:2)
  A scorpion zombie (D:5)
  A killer bee zombie (D:6)
  A howler monkey skeleton (D:4)
  A howler monkey zombie (D:4)
  4 gnolls
  9 adders
  2 adder skeletons
  5 dart slugs
  10 orcs
  6 bats
  7 endoplasms
  A giant cockroach (D:3)
  5 goblins
  5 hobgoblins
  2 jackals (D:2)
  A quokka (D:2)
  8 ball pythons
  3 frilled lizards
  6 kobolds
  4 rats
103 creatures vanquished.

Notes
Turn   | Place    | Note
-------+----------+-------------------------------------------
     0 | D:1      | fiver49 the Vampire Hunter began the quest for the Orb.
     0 | D:1      | Reached XP level 1. HP: 16/16 MP: 1/1
    87 | D:1      | Reached skill level 1 in Short Blades
   240 | D:1      | Reached XP level 2. HP: 22/22 MP: 2/2
   505 | D:1      | Reached skill level 2 in Short Blades
   883 | D:2      | Noticed Jessica
   898 | D:2      | Killed Jessica
   899 | D:2      | Reached skill level 3 in Short Blades
   899 | D:2      | Gained mutation: You are afflicted with vampirism and can
                  | become a bat while bloodless. [Vampire growth]
   899 | D:2      | Reached XP level 3. HP: 16/27 MP: 3/3
  1265 | D:2      | Reached XP level 4. HP: 22/33 MP: 4/4
  1355 | D:2      | Found a faded altar of an unknown god.
  1376 | D:2      | Reached skill level 4 in Short Blades
  1463 | D:2      | Noticed Natasha
  1473 | D:2      | Killed Natasha
  2014 | D:3      | Reached skill level 5 in Short Blades
  2059 | D:3      | Reached XP level 5. HP: 23/38 MP: 5/5
  2454 | D:3      | Reached skill level 6 in Short Blades
  2807 | D:4      | Reached XP level 6. HP: 44/44 MP: 6/6
  2980 | D:4      | Noticed Edmund
  3056 | D:4      | Found an iron altar of Okawaru.
  3071 | D:4      | Reached skill level 7 in Short Blades
  3430 | D:4      | Killed Edmund
  3431 | D:4      | Reached skill level 8 in Short Blades
  3431 | D:4      | Reached XP level 7. HP: 27/48 MP: 7/7
  3469 | D:4      | Noticed Duvessa
  3527 | D:4      | Noticed Dowan
  3661 | D:4      | Killed Dowan
  3788 | D:5      | Entered Level 5 of the Dungeon
  3928 | D:5      | Noticed Pikel
  3969 | D:4      | Killed Pikel
  3970 | D:4      | Reached skill level 10 in Short Blades
  3970 | D:4      | Reached XP level 8. HP: 20/55 MP: 8/8
  4063 | D:5      | Noticed Eustachio
  4223 | D:4      | Killed Eustachio
  4846 | D:5      | Found a staircase to the Ecumenical Temple.
  4872 | Temple   | Entered the Ecumenical Temple
  5060 | Temple   | Became a worshipper of Makhleb the Destroyer
  5107 | D:5      | Reached skill level 11 in Short Blades
  5409 | D:5      | Found a runed translucent door.
  5410 | D:5      | Noticed Crazy Yiuf
  6008 | D:6      | Mangled by a vampire

Illustrated notes

Levels and vault maps discovered:
D:1:      saegor_arrival_under_anarchy, layout_loops_ring,
          serial_bayou_lagoon_a, st_stairs_7
D:2:      layout_basic, ebering_ecumenical_altar_petrified, uniq_natasha,
          uniq_jessica
D:3:      minmay_razor_zed, layout_rooms
D:4:      layout_loops_cross, mainiacjoe_overflow_brackets, uniq_edmund,
          uniq_duvessa
D:5:      layout_basic, minmay_temple_entry_ruins, uniq_eustachio,
          uniq_crazy_yiuf_cottage, uniq_pikel
D:6:      layout_layer_cave, grunt_decor_fettered, minmay_misc_feat_columns
Temple:   hc_temple_tempest_star

Skill      XL: |  1  2  3  4  5  6  7  8 |
---------------+-------------------------+-----
Short Blades   | 1 3 5 6 8 10 11 | 11.9
Stealth        | 2 |  2.0
Fighting       | |  1.7
Throwing       | |  3.2
Dodging        | |  2.1

Action                   |  1- 3 |  4- 6 |  7- 9 || total
-------------------------+-------+-------+-------++-------
Melee: Short sword       |   129 |    85 |    44 ||   258
       Bite              |    10 |    18 |    34 ||    62
       Dagger            |       |   129 |   149 ||   278
Throw: Javelin           |     3 |     4 |       ||     7
       Dart              |       |    40 |     5 ||    45
 Stab: Sleeping          |     2 |     1 |       ||     3
Armor: Ring mail         |    37 |    67 |    53 ||   157
Dodge: Dodged            |    57 |    73 |    55 ||   185
Block: Kite shield       |       |    54 |    50 ||   104
